TOP OF THE 1ST |
Nebraska Cornhuskers batting - Pitching for Stanford Cardinal : RHP Wayne Williams
|
Pitching: RHP Wayne Williams
|
|
Batting: RHB Tony Barton
|
0-0: Ball 1-0: Fly out, F8 (Flyball, 8RM)
|
Batting: RHB Jim Heath
|
0-0: Called Strike 0-1: Swinging Strike 0-2: Foul Ball, location: 2F 0-2: Ball 1-2: Ball 2-2: SINGLE (Groundball, 56)
|
Batting: RHB Tony Long
|
0-0: Called Strike 0-1: Called Strike 0-2: Foul Ball, location: 2F 0-2: Ball 1-2: Ball 2-2: Strikes out swinging
|
Batting: LHB Dusty Wilson
|
0-0: Called Strike 0-1: Ball 1-1: Swinging Strike 1-2: Ball 2-2: Ball 3-2: Foul Ball, location: 2F 3-2: Foul Ball, location: 2F 3-2: Foul Ball, location: 2F 3-2: Strikes out swinging
|
Top of the 1st over - 0 run(s), 1 hit(s), 0 error(s), 1 left on base; Nebraska 0 - Stanford 0 |
BOTTOM OF THE 1ST |
Stanford Cardinal batting - Pitching for Nebraska Cornhuskers : RHP Elvis McDonald
|
Pitching: RHP Elvis McDonald
|
|
Batting: RHB Rory Howard
|
0-0: Ball 1-0: Foul Ball, location: 2F 1-1: Ball 2-1: Ball 3-1: Foul Ball, location: 2F 3-2: Base on Balls
|
Batting: RHB Fernando Vargas
|
0-0: Grounds into double play, 5-4-3 (Groundball, 5)
|
Batting: LHB Geoffrey Bird
|
0-0: Foul Ball, location: 2F 0-1: Ball 1-1: Reached on error, E6 (Groundball, 6)
|
Batting: RHB Scott McGuire
|
0-0: Ground out 5-3 (Groundball, 5)
|
Bottom of the 1st over - 0 run(s), 0 hit(s), 1 error(s), 1 left on base; Nebraska 0 - Stanford 0 |
TOP OF THE 2ND |
Nebraska Cornhuskers batting - Pitching for Stanford Cardinal : RHP Wayne Williams
|
Batting: SHB Carl Rivers
|
0-0: Ball 1-0: Fly out, F9 (Flyball, 9LSF)
|
Batting: RHB Miguel García
|
0-0: Called Strike 0-1: Foul Ball, location: 2F 0-2: Strikes out swinging
|
Batting: RHB Júlio Franco
|
0-0: Ball 1-0: Ball 2-0: Ground out 3-1 (Groundball, 34S)
|
Top of the 2nd over - 0 run(s), 0 hit(s), 0 error(s), 0 left on base; Nebraska 0 - Stanford 0 |
BOTTOM OF THE 2ND |
Stanford Cardinal batting - Pitching for Nebraska Cornhuskers : RHP Elvis McDonald
|
Batting: RHB Albert Abbott
|
0-0: Ball 1-0: Foul Ball, location: 2F 1-1: Swinging Strike 1-2: Ball 2-2: Ball 3-2: Foul Ball, location: 2F 3-2: Base on Balls
|
Batting: RHB Jake Jeffries
|
0-0: Ball 1-0: SINGLE (Flyball, 89S) Albert Abbott to second
|
Batting: SHB Jimmy Wilson
|
0-0: Ball 1-0: SINGLE (Groundball, 3D) Albert Abbott to third Jake Jeffries to second
|
Batting: RHB Millard Long
|
0-0: Fly out, F8 (Flyball, 8LM)
|
Batting: RHB Jimmie Powell
|
0-0: Called Strike 0-1: SINGLE (Flyball, 8LS) Albert Abbott scores Jake Jeffries to third Jimmy Wilson to second Runner from 3rd tries for Home, SAFE, throw made home
|
Batting: RHB Rory Howard
|
0-0: Ball 1-0: Ball 2-0: Ball 3-0: Called Strike 3-1: Base on Balls Jimmy Wilson to third Jimmie Powell to second
|
Batting: RHB Fernando Vargas
|
0-0: Called Strike 0-1: Foul Ball, location: 2F 0-2: Strikes out looking
|
Batting: LHB Geoffrey Bird
|
0-0: Swinging Strike 0-1: Ball 1-1: Ground out 6-3 (Groundball, 6)
|
Bottom of the 2nd over - 2 run(s), 3 hit(s), 0 error(s), 3 left on base; Nebraska 0 - Stanford 2 |
TOP OF THE 3RD |
Nebraska Cornhuskers batting - Pitching for Stanford Cardinal : RHP Wayne Williams
|
Batting: RHB António Rodríguez
|
0-0: TRIPLE (Line Drive, 9LM)
|
Batting: LHB Phil Krieger
|
0-0: Ball 1-0: Ball 2-0: Called Strike 2-1: Foul Ball, location: 2F 2-2: Foul Ball, location: 2F 2-2: Foul Ball, location: 2F 2-2: Ground out 1-3 (Groundball, 13)
|
Batting: RHB Tony Barton
|
0-0: Ball 1-0: Called Strike 1-1: Fly out, F8 (Line Drive, 8RS)
|
Batting: RHB Jim Heath
|
0-0: Ground out 5-3 (Groundball, 5)
|
Top of the 3rd over - 0 run(s), 1 hit(s), 0 error(s), 1 left on base; Nebraska 0 - Stanford 2 |
BOTTOM OF THE 3RD |
Stanford Cardinal batting - Pitching for Nebraska Cornhuskers : RHP Elvis McDonald
|
Batting: RHB Scott McGuire
|
0-0: Ball 1-0: Called Strike 1-1: Ball 2-1: Ground out 6-3 (Groundball, 56)
|
Batting: RHB Albert Abbott
|
0-0: Ball 1-0: Called Strike 1-1: Foul Ball, location: 2F 1-2: Ground out 5-3 (Groundball, 5D)
|
Batting: RHB Jake Jeffries
|
0-0: Swinging Strike 0-1: SINGLE (Groundball, 56S)
|
Batting: SHB Jimmy Wilson
|
0-0: Ground out 4-3 (Groundball, 4)
|
Bottom of the 3rd over - 0 run(s), 1 hit(s), 0 error(s), 1 left on base; Nebraska 0 - Stanford 2 |
TOP OF THE 4TH |
Nebraska Cornhuskers batting - Pitching for Stanford Cardinal : RHP Wayne Williams
|
Batting: RHB Tony Long
|
0-0: Called Strike 0-1: Foul Ball, location: 2F 0-2: Ball 1-2: Strikes out swinging
|
Batting: LHB Dusty Wilson
|
0-0: Called Strike 0-1: Ball 1-1: Ball 2-1: Called Strike 2-2: Ball 3-2: Foul Ball, location: 2F 3-2: Fly out, F5 (Line Drive, 56S)
|
Batting: SHB Carl Rivers
|
0-0: Ball 1-0: Swinging Strike 1-1: Ball 2-1: Swinging Strike 2-2: Fly out, F7 (Flyball, 7M)
|
Top of the 4th over - 0 run(s), 0 hit(s), 0 error(s), 0 left on base; Nebraska 0 - Stanford 2 |
BOTTOM OF THE 4TH |
Stanford Cardinal batting - Pitching for Nebraska Cornhuskers : RHP Elvis McDonald
|
Batting: RHB Millard Long
|
0-0: Ball 1-0: Ball 2-0: Ball 3-0: Ground out 6-3 (Groundball, 6)
|
Batting: RHB Jimmie Powell
|
0-0: Hit by Pitch
|
Batting: RHB Rory Howard
|
0-0: Ball 1-0: Called Strike 1-1: Foul Ball, location: 2F 1-2: Strikes out looking
|
Batting: RHB Fernando Vargas
|
0-0: Ball 1-0: Called Strike 1-1: Ball 2-1: SINGLE (Groundball, 34D) Jimmie Powell to second Runner from 2nd tries for 3rd, SAFE, throw made to third
|
Batting: LHB Geoffrey Bird
|
0-0: Called Strike 0-1: Ball 1-1: Ball 2-1: Ball 3-1: Fly out, F7 (Flyball, 7D)
|
Bottom of the 4th over - 0 run(s), 1 hit(s), 0 error(s), 2 left on base; Nebraska 0 - Stanford 2 |
TOP OF THE 5TH |
Nebraska Cornhuskers batting - Pitching for Stanford Cardinal : RHP Wayne Williams
|
Batting: RHB Miguel García
|
0-0: Ball 1-0: Ball 2-0: Ball 3-0: Called Strike 3-1: Called Strike 3-2: Base on Balls
|
Batting: RHB Júlio Franco
|
0-0: Fielders Choice at 2nd, 4-6 (Groundball, 34)
|
Batting: RHB António Rodríguez
|
0-0: Swinging Strike 0-1: Ball 1-1: Ball 2-1: SINGLE (Line Drive, 89S) Júlio Franco to second
|
Batting: LHB Phil Krieger
|
0-0: Fly out, F7 (Flyball, 7M)
|
Batting: RHB Tony Barton
|
0-0: Fly out, F8 (Flyball, 8RM)
|
Top of the 5th over - 0 run(s), 1 hit(s), 0 error(s), 2 left on base; Nebraska 0 - Stanford 2 |
BOTTOM OF THE 5TH |
Stanford Cardinal batting - Pitching for Nebraska Cornhuskers : RHP Elvis McDonald
|
Batting: RHB Scott McGuire
|
0-0: Ball 1-0: Ball 2-0: Fly out, F9 (Flyball, 9M)
|
Batting: RHB Albert Abbott
|
0-0: Foul Ball, location: 2F 0-1: Ball 1-1: Ground out 3-1 (Groundball, 34S)
|
Batting: RHB Jake Jeffries
|
0-0: Ball 1-0: SINGLE (Popup, 3D)
|
Batting: SHB Jimmy Wilson
|
0-0: Ground out 6-3 (Groundball, 6)
|
Bottom of the 5th over - 0 run(s), 1 hit(s), 0 error(s), 1 left on base; Nebraska 0 - Stanford 2 |
TOP OF THE 6TH |
Nebraska Cornhuskers batting - Pitching for Stanford Cardinal : RHP Wayne Williams
|
Batting: RHB Jim Heath
|
0-0: Called Strike 0-1: Ball 1-1: Fly out, F3 (Popup, 13)
|
Batting: RHB Tony Long
|
0-0: Ball 1-0: Fly out, F7 (Popup, 6D)
|
Batting: LHB Dusty Wilson
|
0-0: Called Strike 0-1: Ball 1-1: Ball 2-1: Foul Ball, location: 2F 2-2: Strikes out looking
|
Top of the 6th over - 0 run(s), 0 hit(s), 0 error(s), 0 left on base; Nebraska 0 - Stanford 2 |
BOTTOM OF THE 6TH |
Stanford Cardinal batting - Pitching for Nebraska Cornhuskers : RHP Elvis McDonald
|
Batting: RHB Millard Long
|
0-0: Foul Ball, location: 2F 0-1: SINGLE (Line Drive, 56)
|
Batting: RHB Jimmie Powell
|
0-0: Reached on Error, E9 (Flyball, 9M) Millard Long to second
|
Batting: RHB Rory Howard
|
0-0: Ball 1-0: Fly out, F3 (Popup, 3DF)
|
Batting: RHB Fernando Vargas
|
0-0: Ball 1-0: Ball 2-0: Fielders Choice at 3rd, U5 (Groundball, 5L) Jimmie Powell to second
|
Pitching: RHP John Bradley
|
|
Batting: LHB Geoffrey Bird
|
0-0: Called Strike 0-1: Ball 1-1: Called Strike 1-2: Strikes out looking
|
Bottom of the 6th over - 0 run(s), 1 hit(s), 1 error(s), 2 left on base; Nebraska 0 - Stanford 2 |
TOP OF THE 7TH |
Nebraska Cornhuskers batting - Pitching for Stanford Cardinal : RHP Wayne Williams
|
Pitching: RHP Stan Franco
|
|
Batting: SHB Carl Rivers
|
0-0: Ball 1-0: Called Strike 1-1: Fly out, F5 (Popup, 56)
|
Batting: RHB Miguel García
|
0-0: Ground out 5-3 (Groundball, 5)
|
Batting: RHB Júlio Franco
|
0-0: Called Strike 0-1: Swinging Strike 0-2: Foul Ball, location: 2F 0-2: Ball 1-2: Strikes out looking
|
Top of the 7th over - 0 run(s), 0 hit(s), 0 error(s), 0 left on base; Nebraska 0 - Stanford 2 |
BOTTOM OF THE 7TH |
Stanford Cardinal batting - Pitching for Nebraska Cornhuskers : RHP John Bradley
|
Batting: RHB Scott McGuire
|
0-0: SINGLE (Groundball, 4M)
|
Batting: RHB Albert Abbott
|
0-0: Called Strike 0-1: Foul Ball, location: 2F 0-2: Foul Ball, location: 2F 0-2: Ball 1-2: Ball 2-2: Fielders Choice at 2nd, 6-4 (Groundball, 6M)
|
Batting: RHB Jake Jeffries
|
0-0: Called Strike 0-1: Swinging Strike 0-2: Ball Wild Pitch! Albert Abbott to second 1-2: Ball 2-2: Ball 3-2: Intentional Walk
|
Batting: SHB Jimmy Wilson
|
0-0: Called Strike 0-1: Called Strike 0-2: Strikes out swinging
|
Batting: RHB Millard Long
|
0-0: Called Strike 0-1: Called Strike 0-2: Strikes out swinging
|
Bottom of the 7th over - 0 run(s), 1 hit(s), 0 error(s), 2 left on base; Nebraska 0 - Stanford 2 |
TOP OF THE 8TH |
Nebraska Cornhuskers batting - Pitching for Stanford Cardinal : RHP Stan Franco
|
Now in LF: Dylan Wolf
|
|
Batting: RHB António Rodríguez
|
0-0: Swinging Strike 0-1: Ball 1-1: Called Strike 1-2: Ball 2-2: Foul Ball, location: 2F 2-2: Strikes out looking
|
Batting: LHB Phil Krieger
|
0-0: Ball 1-0: Ball 2-0: Foul Ball, location: 2F 2-1: Ball 3-1: Base on Balls
|
Pitching: RHP Devin Brown
|
|
Batting: RHB Tony Barton
|
0-0: Fly out, F9 (Flyball, 9LSF)
|
Batting: RHB Jim Heath
|
0-0: Ball 1-0: Ball 2-0: Ball 3-0: Called Strike 3-1: Base on Balls Phil Krieger to second
|
Batting: RHB Tony Long
|
0-0: Ball 1-0: Ball 2-0: Called Strike 2-1: Foul Ball, location: 2F 2-2: Ground out 6-3 (Groundball, 6)
|
Top of the 8th over - 0 run(s), 0 hit(s), 0 error(s), 2 left on base; Nebraska 0 - Stanford 2 |
BOTTOM OF THE 8TH |
Stanford Cardinal batting - Pitching for Nebraska Cornhuskers : RHP John Bradley
|
Batting: RHB Jimmie Powell
|
0-0: Called Strike Single, Error in OF, E9, batter to second base
|
Batting: RHB Rory Howard
|
0-0: SINGLE (Groundball, 6) Jimmie Powell to third
|
Batting: RHB Fernando Vargas
|
0-0: Ball 1-0: Foul Ball, location: 2F 1-1: Ball 2-1: Ball 3-1: Base on Balls Rory Howard to second
|
Batting: LHB Geoffrey Bird
|
0-0: Grounds into double play, 5-2-3 (Groundball, 56S) Rory Howard to third Fernando Vargas to second
|
Batting: RHB Scott McGuire
|
0-0: Called Strike 0-1: Foul Ball, location: 2F 0-2: Ball 1-2: Foul Ball, location: 2F 1-2: Ball 2-2: Ball 3-2: Base on Balls
|
Pitching: LHP Miguel Meneces
|
|
Batting: RHB Dylan Wolf
|
0-0: Swinging Strike 0-1: Ball 1-1: Called Strike 1-2: Ball 2-2: Ball 3-2: Strikes out looking
|
Bottom of the 8th over - 0 run(s), 2 hit(s), 1 error(s), 3 left on base; Nebraska 0 - Stanford 2 |
TOP OF THE 9TH |
Nebraska Cornhuskers batting - Pitching for Stanford Cardinal : RHP Devin Brown
|
Pitching: LHP Robert Cochran
|
|
Batting: LHB Dusty Wilson
|
0-0: Ball 1-0: Ball 2-0: Ball 3-0: Base on Balls
|
Batting: SHB Carl Rivers
|
0-0: Ball 1-0: Reached on error, E6 (Groundball, 6M) Dusty Wilson to second
|
Batting: RHB Miguel García
|
0-0: Swinging Strike 0-1: Foul Ball, location: 2F 0-2: Ball 1-2: Ball 2-2: Foul Ball, location: 2F 2-2: Ball 3-2: Strikes out swinging
|
Batting: RHB Júlio Franco
|
0-0: Ball 1-0: Ball 2-0: Ground out 4-3 (Groundball, 4M) Dusty Wilson to third Carl Rivers to second
|
Batting: RHB António Rodríguez
|
0-0: Fly out, F9 (Flyball, 9LM)
|
Top of the 9th over - 0 run(s), 0 hit(s), 1 error(s), 2 left on base; Nebraska 0 - Stanford 2 |
|